 Dungeon Crawl Stone Soup version 0.30-a0-691-g754fce4c43 (webtiles) character file.

Game seed: 17725364385565304722

1447 IdlyInterested the Cudgeller (level 8, -4/62 HPs)
             Began as a Demonspawn Gladiator on Jan 19, 2023.
             Killed from afar by a steam dragon (24 damage)
             ... with a ball of steam
             ... on level 6 of the Dungeon.
             The game lasted 00:16:59 (5336 turns).

IdlyInterested the Cudgeller (Demonspawn Gladiator) Turns: 5336, Time: 00:17:00

Health: -4/62      AC: 17    Str: 21    XL:     8   Next: 46%
Magic:  8/8        EV:  8    Int: 10    God:
Gold:   49         SH:  5    Dex: 17    Spells: 7/7 levels left

rFire   . . .      SeeInvis .    e - +2 whip (elec)
rCold   x . .      Faith    .    (no shield)
rNeg    + . .      Spirit   .    A - +0 plate armour
rPois   .          Reflect  +    c - +0 helmet
rElec   .          Harm     .    C - scarf {repulsion}
rCorr   .          Rampage  .    r - +0 pair of gloves
Will    .....                    n - +0 pair of boots Stlth
                                 G - amulet "Baublibu" {Reflect rC- Str+4 Dex+3 SH+5}
HPRegen 0.30/turn                D - ring of positive energy
MPRegen 0.11/turn                (no ring)

@: repel missiles
A: claws 2, thin metallic scales 1, powered by death 2, spiny 1
a: no special abilities


You were on level 6 of the Dungeon.
You visited 2 branches of the dungeon, and saw 7 of its levels.

You collected 249 gold pieces.
You spent 200 gold pieces at shops.

Inventory:

Hand Weapons
 a - a +0 flail
 e - a +2 whip of electrocution (weapon)
Missiles
 d - 3 throwing nets
 g - 47 stones
 h - a javelin
 m - 10 poisoned darts (quivered)
 v - 3 curare-tipped darts
Armour
 c - a +0 helmet (worn)
 n - a +0 pair of boots (worn)
 r - a +0 pair of gloves (worn)
 A - a +0 plate armour (worn)
 C - a scarf of repulsion (worn)
Jewellery
 q - an amulet of guardian spirit
 D - a ring of positive energy (left hand)
 G - the amulet "Baublibu" (around neck) {Reflect rC- Str+4 Dex+3 SH+5}
   (You found it on level 5 of the Dungeon)

   [amulet of reflection]

   It reflects blocked missile attacks.
   Str:       It affects your strength (+4).
   Dex:       It affects your dexterity (+3).
   rC:        It makes you vulnerable to cold.
   SH:        It affects your SH (+5).
Wands
 l - a wand of digging (6)
 x - a wand of quicksilver (1)
 E - a wand of mindburst (15)
 H - a wand of polymorph (7)
Scrolls
 b - 2 scrolls of enchant weapon
 f - 2 scrolls of fog
 i - 3 scrolls of silence {unknown}
 p - 4 scrolls of identify
 s - a scroll of amnesia {unknown}
 t - 2 scrolls of vulnerability {unknown}
 w - a scroll of teleportation
 y - a scroll of enchant armour {unknown}
Potions
 j - 4 potions of magic
 k - 2 potions of haste
 o - 2 potions of brilliance
 u - 2 potions of curing
 z - 2 potions of flight {unknown}
 B - a potion of heal wounds {unknown}
 F - a potion of lignification {unknown}


   Skills:
 * Level 5.3 Fighting
 - Level 6.1 Maces & Flails
 - Level 1.7 Throwing
 - Level 5.0 Armour
 * Level 4.3 Dodging
 - Level 1.0 Stealth
 - Level 1.0 Evocations


You had 7 spell levels left.
You didn't know any spells.
Your spell library contained the following spells:

 Spells                   Type           Power      Damage    Failure   Level
 Blink                    Tloc           0%         N/A       100%        2
 Lesser Beckoning         Tloc           0%         N/A       100%        2
 Momentum Strike          Conj/Tloc      0%         3d8       100%        2


Dungeon Overview and Level Annotations

Branches:
Dungeon (6/15)             Temple (1/1) D:5

Altars:
Ashenzari
Cheibriados
Dithmenos
Fedhas
Gozag
Hepliaklqana
Kikubaaqudgha
Makhleb
Okawaru
Ru
Trog
Uskayaw
Vehumet
Wu Jian
Xom
Yredelemnul

Shops:
D:1 !:(!?


Innate Abilities, Weirdness & Mutations

You have very sharp fingernails.
You are partially covered in thin metallic scales. (AC +2)
You regenerate health from kills.
You are partially covered in sharp spines.


Message History

The steam dragon is moderately wounded.
You are engulfed in a cloud of scalding steam.
The water moccasin is engulfed in a cloud of scalding steam.
You block the water moccasin's attack. The steam dragon breathes steam at you.
The ball of steam hits you!!
* * * LOW HITPOINT WARNING * * *
It was a potion of curing.
You feel better.
You are engulfed in a cloud of scalding steam.
The water moccasin is struck by your spines.
The water moccasin barely misses you.
The scorpion is engulfed in a cloud of scalding steam.
The scorpion stings you.
You are poisoned.
The scorpion poisons you! You block the water moccasin's attack.
The steam dragon bites you but does no damage.
The steam dragon barely misses you.
Okay, then.
The steam dragon attacks as you move away!
You block the steam dragon's attack.
The steam dragon claws you but does no damage.
You are engulfed in a cloud of scalding steam.
* * * LOW HITPOINT WARNING * * *
You feel very sick.
The scorpion is engulfed in a cloud of scalding steam.
The scorpion barely misses you. The water moccasin bites you.
* * * LOW HITPOINT WARNING * * *
The water moccasin attacks as you move away!
The water moccasin bites you but does no damage.
You feel sick.
You feel better. You block the steam dragon's attack.
The steam dragon claws you but does no damage.
The water moccasin is engulfed in a cloud of scalding steam.
You closely miss the steam dragon.
The steam dragon is moderately wounded.
You closely miss the steam dragon.
The steam dragon is moderately wounded.
The steam dragon breathes steam at you. The ball of steam hits you!!
You die...

#.#.#.#.# #....##
........ .....
#.#.#.#.## # ##..
.........# .# #.
##.#.#.#<###+#.#
#
#...........)..#
.#.#.#.#.#S....#
........Ds...###
#.#.#.#ยง#@!....#
.....#######.##
###### #


You could see a steam dragon (catching breath), a water moccasin and a scorpion.

Vanquished Creatures
  Grinder (D:3)
  Sigmund (D:2)
  A black bear (D:5)
  2 kobold brigands (D:5)
  2 scorpions
  A necrophage (D:5)
  A howler monkey (D:5)
  A jelly (D:6)
  2 hounds (D:5)
  2 orc priests
  Jessica (D:2)
  Terence (D:2)
  6 iguanas
  An orc wizard (D:4)
  8 gnolls
  7 adders
  A white imp (D:5)
  2 worms (D:2)
  2 dart slugs
  16 orcs
  7 ball pythons
  7 endoplasms
  A giant cockroach (D:4)
  6 hobgoblins
  3 jackals (D:1)
  3 quokkas
  4 bats
  3 frilled lizards
  6 goblins
  17 kobolds
  12 rats
128 creatures vanquished.

Notes
Turn   | Place    | Note
-------+----------+-------------------------------------------
     0 | D:1      | IdlyInterested the Demonspawn Gladiator began the quest for
                  | the Orb.
     0 | D:1      | Reached XP level 1. HP: 16/16 MP: 1/1
   142 | D:1      | Gained mutation: You have sharp fingernails. [demonic
                  | ancestry]
   142 | D:1      | Reached XP level 2. HP: 21/23 MP: 2/2
   168 | D:1      | Found Ydufuam's Magic Scroll Emporium.
   430 | D:1      | Found Ecriyfum's Antique Weapon Boutique.
   442 | D:1      | Found Poytu Pupsej's Book Shoppe.
   519 | D:1      | Found Loikhliwk's Distillery.
   590 | D:1      | Gained mutation: You regenerate a little health from kills.
                  | [demonic ancestry]
   590 | D:1      | Reached XP level 3. HP: 29/29 MP: 3/3
   610 | D:1      | Reached skill level 3 in Maces & Flails
   846 | D:1      | Found Qados's Distillery.
   944 | D:2      | Noticed Terence
   960 | D:2      | Killed Terence
   961 | D:2      | Reached skill level 1 in Armour
  1320 | D:2      | Gained mutation: You are partially covered in thin metallic
                  | scales. (AC +2) [demonic ancestry]
  1320 | D:2      | Reached XP level 4. HP: 35/35 MP: 4/4
  1340 | D:2      | Found a faded altar of an unknown god.
  1440 | D:2      | Noticed Jessica
  1443 | D:2      | Killed Jessica
  1484 | D:2      | Noticed Sigmund
  1508 | D:2      | Killed Sigmund
  1509 | D:2      | Reached skill level 4 in Maces & Flails
  1509 | D:2      | Reached skill level 1 in Evocations
  1509 | D:2      | Gained mutation: You have very sharp fingernails. [demonic
                  | ancestry]
  1509 | D:2      | Reached XP level 5. HP: 37/41 MP: 5/5
  1509 | D:2      | Reached XP level 6. HP: 42/47 MP: 6/6
  1603 | D:2      | You fall into a shaft and drop 2 floors!
  1818 | D:4      | Reached skill level 1 in Stealth
  2178 | D:3      | Noticed Grinder
  2181 | D:3      | Paralysed by Grinder for 3 turns
  2192 | D:3      | Killed Grinder
  2193 | D:3      | Gained mutation: You regenerate health from kills. [demonic
                  | ancestry]
  2193 | D:3      | Reached XP level 7. HP: 17/54 MP: 3/7
  2403 | D:3      | Reached skill level 5 in Maces & Flails
  2996 | D:3      | Found an ornate altar of the Wu Jian Council.
  3648 | D:1      | Bought a potion of haste for 110 gold pieces
  3769 | D:5      | Entered Level 5 of the Dungeon
  4126 | D:5      | Reached skill level 5 in Fighting
  4230 | D:5      | Found a staircase to the Ecumenical Temple.
  4249 | Temple   | Entered the Ecumenical Temple
  4508 | D:5      | Found an ancient bone altar of Kikubaaqudgha.
  4512 | D:5      | Gained mutation: You are partially covered in sharp spines.
                  | [demonic ancestry]
  4512 | D:5      | Reached XP level 8. HP: 57/62 MP: 6/8
  4671 | D:5      | Reached skill level 5 in Armour
  4879 | D:5      | Identified the amulet "Baublibu" {Reflect rC- Str+4 Dex+3
                  | SH+5}
  4959 | D:5      | Reached skill level 6 in Maces & Flails
  5186 | D:1      | Bought a scroll of enchant weapon for 90 gold pieces
  5336 | D:6      | Killed from afar by a steam dragon

Illustrated notes

Levels and vault maps discovered:
D:1:      spicycebolla_arrival_risky_transporter, layout_basic, serial_shops,
          nicolae_shop_behind_doors, nicolae_shop_behind_doors, shop_statue,
          shop, shop, hangedman_decor_riveting, dreamdust_princess_corridor
D:2:      layout_rooms, basic_ecumenical_altar, uniq_terence, uniq_sigmund,
          uniq_jessica
D:3:      layout_loops_ring, marbit_many_paths, kennysheep_generic_room_15,
          uniq_grinder
D:4:      layout_basic
D:5:      cheibrodos_thug_alley, layout_loops_ring, mainiacjoe_overflow_catwalk,
          minmay_temple_entry_waves, kennysheep_windowed_goal
D:6:      layout_basic, overflow_temple_1_default, mainiacjoe_overflow_alcove_2,
          st_stairs_9, amcnicky_mini_pool_medium, uniq_menkaure
Temple:   nicolae_temple_bog_church

Skill      XL: |  1  2  3  4  5  6  7  8 |
---------------+-------------------------+-----
Fighting       | 3 4 5 |  5.3
Dodging        | 3 4 |  4.3
Maces & Flails | 3 4 5 6 |  6.1
Armour         | 1 3 4 5 |  5.0
Evocations     | 1 |  1.0
Stealth        | 1 |  1.0
Throwing       | |  1.7

Action                   |  1- 3 |  4- 6 |  7- 9 || total
-------------------------+-------+-------+-------++-------
Melee: Flail             |    27 |       |       ||    27
       Whip              |    60 |    83 |   220 ||   363
       Punch             |     1 |     1 |     1 ||     3
Throw: Javelin           |     1 |       |       ||     1
  Use: Scroll            |     6 |       |       ||     6
       Potion            |       |       |     2 ||     2
Armor: Leather armour    |    10 |       |       ||    10
       Chain mail        |    20 |    52 |    28 ||   100
       Ring mail         |     4 |       |       ||     4
       Plate armour      |       |       |    88 ||    88
Dodge: Dodged            |    45 |    31 |    69 ||   145
       Repelled          |       |       |     1 ||     1
Block: Other             |       |       |    12 ||    12

Table legend: (Time is in decaauts)
 A = Elapsed time spent in this place.
 B = Non-inter-level travel time spent in this place.
 C = Inter-level travel time spent in this place.
 D = Time resting spent in this place.
 E = Time spent auto-exploring this place.
 F = Levels seen in this place.
 G = Mean time per level.
                   A        B        C        D        E       F      G
               +--------+--------+--------+--------+--------+-----+--------+
         Total |   5314 |   4252 |   1062 |    366 |   2517 |   7 |  759.1 |
       Dungeon |   5126 |   4064 |   1062 |    366 |   2364 |   6 |  854.3 |
        Temple |    188 |    188 |      0 |      0 |    153 |   1 |  188.0 |
               +--------+--------+--------+--------+--------+-----+--------+

Top non-repeatable levels by time:
     D:1: 1292 daAuts
     D:4: 1090 daAuts
     D:5: 1016 daAuts
     D:3: 850 daAuts
     D:2: 848 daAuts
  Temple: 188 daAuts
     D:6: 28 daAuts
